 Dungeon Crawl Stone Soup version 0.22-a0-567-gff9aefc (webtiles) character file.

634 vierth the Chopper (level 7, -2/61 HPs)
             Began as a Minotaur Fighter on June 29, 2018.
             Slain by an ogre
             ... wielding a +0 giant spiked club
              (14 damage)
             ... on level 4 of the Dungeon.
             The game lasted 00:07:41 (2751 turns).

vierth the Chopper (Minotaur Fighter)               Turns: 2751, Time: 00:07:42

Health: -2/61      AC: 11    Str: 22    XL:     7   Next: 25%
Magic:  6/6        EV:  8    Int:  5    God:
Gold:   124        SH:  0    Dex: 10    Spells: 6/6 levels left

rFire    . . .     SeeInvis .   a - +0 war axe
rCold    . . .     Gourm    .   (no shield)
rNeg     . . .     Faith    .   g - +0 chain mail
rPois    .         Spirit   .   (helmet restricted)
rElec    .         Reflect  .   (no cloak)
rCorr    .         Harm     .   (no gloves)
MR       .....                  k - +0 pair of boots
Stlth    ..........             (no amulet)
HPRegen  0.20/turn              e - ring of flight
MPRegen  0.10/turn              (no ring)

@: drained
A: retaliatory headbutt, horns 2
a: Evoke Flight


You were on level 4 of the Dungeon.
You were not hungry.

You visited 1 branch of the dungeon, and saw 4 of its levels.

You collected 124 gold pieces.

Inventory:

Hand Weapons
 a - a +0 war axe (weapon)
Armour
 b - a +0 scale mail
 g - a +0 chain mail (worn)
 k - a +0 pair of boots (worn)
Jewellery
 e - a ring of flight (left hand)
Scrolls
 c - a scroll of remove curse
 h - 3 scrolls of identify {unknown}
 l - a scroll of amnesia {unknown}
 m - a scroll of blinking {unknown}
 n - a scroll of teleportation
Potions
 d - 3 potions of might
 i - a potion of curing {unknown}
 j - a potion of haste {unknown}
Comestibles
 f - 4 rations


   Skills:
 + Level 5.2 Fighting
 + Level 6.9(6.8) Axes
 + Level 5.4 Armour
 + Level 2.0 Dodging
 + Level 0.6(0.5) Stealth
   Level 4.4 Shields


You had 6 spell levels left.
You didn't know any spells.
Your spell library was empty.

Dungeon Overview and Level Annotations

Branches:
Dungeon (4/15)
 Temple: D:4-7

Altars:
Dithmenos
Elyvilon
Kikubaaqudgha
Nemelex Xobeh
Ru
Uskayaw
Xom


Innate Abilities, Weirdness & Mutations

You reflexively headbutt those who attack you in melee.
You have a pair of horns on your head.


Message History

* * * LOW HITPOINT WARNING * * *
You are too injured to fight recklessly!
You are too injured to fight recklessly!
You are too injured to fight recklessly!
You are too injured to fight recklessly!
You are too injured to fight recklessly!
You are too injured to fight recklessly!
You are too injured to fight recklessly!
You are too injured to fight recklessly!
You barely miss the ogre. You headbutt the ogre.
The ogre is heavily wounded.
You barely miss the ogre.
The ogre is heavily wounded.
The ogre hits you with a giant spiked club!
* * * LOW HITPOINT WARNING * * *
There is a stone staircase leading up here.
You barely miss the ogre.
The ogre is heavily wounded.
The ogre hits you with a giant spiked club!
You die...

. ...###.# .. #......#
#..#########......
#..))..Oo.....######
...#)#.##..o........ ##
#...#####..#####
#...........#
....#######>#########>.
###### #..)O@.......
#############


You could see an ogre.

Vanquished Creatures
  5 wights (D:3)
  A crimson imp (D:3)
  An orc priest (D:4)
  4 orc wizards
  A centaur skeleton (D:4)
  Natasha (D:2)
  2 worker ants
  Robin (D:2)
  6 adders
  A worm (D:3)
  2 dart slugs
  3 leopard geckos
  5 orcs
  A giant cockroach (D:1)
  15 goblins
  5 hobgoblins
  3 jackals (D:3)
  2 quokkas (D:2)
  11 bats
  4 frilled lizards
  11 kobolds
  A leopard gecko skeleton (D:4)
  8 rats
94 creatures vanquished.

Notes
Turn   | Place    | Note
-------+----------+-------------------------------------------
     0 | D:1      | vierth the Minotaur Fighter began the quest for the Orb.
     0 | D:1      | Reached XP level 1. HP: 19/19 MP: 0/0
    95 | D:1      | Reached XP level 2. HP: 23/27 MP: 1/1
   522 | D:2      | Reached XP level 3. HP: 33/33 MP: 2/2
   527 | D:2      | Reached skill level 3 in Axes
   592 | D:2      | Found a shadowy altar of Dithmenos.
   632 | D:2      | Found a white marble altar of Elyvilon.
   649 | D:2      | Found a shimmering altar of Xom.
   729 | D:2      | Noticed Robin
   747 | D:2      | Killed Robin
   747 | D:2      | Reached XP level 4. HP: 34/40 MP: 3/3
   877 | D:2      | Found a sparkling altar of Nemelex Xobeh.
  1080 | D:2      | Noticed Natasha
  1090 | D:2      | Killed Natasha
  1090 | D:2      | Reached skill level 4 in Axes
  1090 | D:2      | Reached skill level 1 in Dodging
  1212 | D:3      | Found an ancient bone altar of Kikubaaqudgha.
  1214 | D:3      | Found a sacrificial altar of Ru.
  1371 | D:3      | Reached XP level 5. HP: 46/46 MP: 4/4
  1385 | D:3      | Reached skill level 5 in Axes
  1386 | D:3      | Reached XP level 6. HP: 47/53 MP: 5/5
  1719 | D:3      | Reached skill level 5 in Fighting
  2099 | D:3      | Reached skill level 6 in Axes
  2121 | D:3      | Reached skill level 5 in Armour
  2340 | D:3      | Found a hide-covered altar of Uskayaw.
  2574 | D:4      | Reached XP level 7. HP: 61/61 MP: 6/6
  2751 | D:4      | Slain by an ogre

Vault maps used:
D:1:      mushboom_english_gardens
D:2:      nicolae_overflow_quartered_altars, first_ration, uniq_natasha,
          uniq_robin
D:3:      gammafunk_temple_overflow_forgotten, lemuel_old_faithful
D:4:      kennysheep_little_box, vehumet_statue

Skill      XL: |  1  2  3  4  5  6 |
---------------+-------------------+-----
Armour         | 4 5 |  5.4
Fighting       | 4 5 |  5.2
Shields        | 4 |  4.4
Axes           | 3 4 5 6 |  6.9
Dodging        | 1 2 |  2.0
Stealth        | |  0.6

Action                   |  1- 3 |  4- 6 |  7- 9 || total
-------------------------+-------+-------+-------++-------
Melee: War axe           |    69 |   124 |    32 ||   225
       Headbutt          |     8 |    13 |     9 ||    30
  Use: Scroll            |     3 |     1 |       ||     4
  Eat: Ration            |       |     2 |       ||     2
Armor: Scale mail        |    44 |    15 |       ||    59
       Chain mail        |       |    50 |    19 ||    69
Dodge: Dodged            |    31 |    60 |    15 ||   106
Block: Shield            |    43 |    24 |       ||    67

Table legend:
 A = Spawn XP
 B = Non-spawn XP
 C = Spawn XP percentage of total XP
 D = Spawn monster count
 E = Non-spawn monster count
 F = Spawn count percentage of total count
 G = Total turns spent on level
                    A         B        C        D         E        F      G
               +---------+---------+-------+---------+---------+-------+---------
         Total |       0 |     907 |   0.0 |       0 |      94 |   0.0 |  2751
               +---------+---------+-------+---------+---------+-------+---------
           D:1 |       0 |      26 |   0.0 |       0 |      16 |   0.0 |   517
           D:2 |       0 |     151 |   0.0 |       0 |      35 |   0.0 |   649
           D:3 |       0 |     558 |   0.0 |       0 |      33 |   0.0 |  1519
           D:4 |       0 |     172 |   0.0 |       0 |      10 |   0.0 |    66
               +---------+---------+-------+---------+---------+-------+---------
